 Dungeon Crawl Stone Soup version 0.29.1-1-gd02db6906a (webtiles) character file.

Game seed: 2361368081088411062

1540 juncz the Chiller (level 8, -4/62 HPs)
             Began as a Demonspawn Ice Elementalist on Sept 24, 2022.
             Engulfed by a cloud of steam (7 damage)
             ... on level 6 of the Dungeon.
             The game lasted 00:21:15 (7723 turns).

juncz the Chiller (Demonspawn Ice Elementalist)     Turns: 7723, Time: 00:21:15

Health: -4/62      AC:  5    Str: 12    XL:     8   Next: 56%
Magic:  12/17      EV: 17    Int: 19    God:
Gold:   338        SH:  0    Dex: 13    Spells: 12/19 levels left

rFire   x . .      SeeInvis +   u - +5 hand axe of the Final Thickets {elec, Str+3}
rCold   + . .      Faith    .   (no shield)
rNeg    . . .      Spirit   .   a - +0 robe
rPois   .          Reflect  .   n - +0 helmet
rElec   .          Harm     .   y - +0 cloak
rCorr   .          Rampage  .   l - +0 pair of gloves
Will    .....                   (no boots)
Stlth   ++........              (no amulet)
HPRegen 0.20/turn               v - ring of see invisible
MPRegen 0.30/turn               w - ring of ice

@: agile, freezing walls
A: hooves 1, powered by pain 1, magic regeneration, sturdy frame 2
a: no special abilities


You were on level 6 of the Dungeon.
You visited 1 branch of the dungeon, and saw 6 of its levels.
You also visited: Sewer.

You collected 338 gold pieces.

Inventory:

Hand Weapons
 f - a +0 short sword
 u - the +5 hand axe of the Final Thickets (weapon) {elec, Str+3}
   (You found it on level 3 of the Dungeon)

   It occasionally discharges a powerful burst of electricity upon striking a
   foe.
   Str:       It affects your strength (+3).
Missiles
 e - 33 poisoned darts
 j - 91 stones (quivered)
Armour
 a - a +0 robe (worn)
 l - a +0 pair of gloves (worn)
 n - a +0 helmet (worn)
 y - a +0 cloak (worn)
Jewellery
 v - a ring of see invisible (left hand)
 w - a ring of ice (right hand)
 D - a ring of fire
Wands
 x - a wand of charming (8)
Scrolls
 g - 3 scrolls of teleportation {unknown}
 h - a scroll of brand weapon {unknown}
 i - a scroll of enchant armour {unknown}
 m - 2 scrolls of blinking {unknown}
 o - 2 scrolls of immolation {unknown}
 q - 6 scrolls of identify {unknown}
 r - a scroll of noise {unknown}
 s - a scroll of poison {unknown}
 C - a scroll of magic mapping {unknown}
Potions
 b - 2 potions of magic
 c - 2 potions of haste {unknown}
 d - a potion of might {unknown}
 k - a potion of resistance {unknown}
 p - 2 potions of heal wounds
 t - 3 potions of flight
 z - 2 potions of lignification {unknown}
 A - 3 potions of attraction {unknown}
 B - 2 potions of berserk rage {unknown}
 E - a potion of mutation {unknown}


   Skills:
 + Level 5.2 Fighting
 - Level 1.7 Dodging
 - Level 1.7 Stealth
 + Level 6.3 Spellcasting
 + Level 7.0 Ice Magic


You had 12 spell levels left.
You knew the following spells:

 Your Spells              Type           Power      Damage    Failure   Level
a - Freeze                Ice            100%       1d11      1%          1
b - Frozen Ramparts       Ice            98%        1d15      1%          3
c - Ozocubu's Armour      Ice            49%        N/A       1%          3

Your spell library contained the following spells:

 Spells                   Type           Power      Damage    Failure   Level
 Hailstorm                Conj/Ice       29%        3d8       26%         4


Dungeon Overview and Level Annotations

Branches:
Dungeon (6/15)              Sewer (visited)
 Temple: D:4-7

Altars:
Dithmenos
Fedhas
Hepliaklqana
Nemelex Xobeh
Qazlal
Sif Muna

Annotations:
D:3 2 transporters


Innate Abilities, Weirdness & Mutations

You have large cloven feet.
You sometimes gain a little power by taking damage.
You regenerate magic rapidly.
Your movements are less encumbered by armour. (ER -4)


Message History

Casting: Freeze (safe; 1% risk of failure)
Confirm with . or Enter, or press ? or * to list all spells.
Casting: Frozen Ramparts (safe; 1% risk of failure)
Press: ? - help, Dir - look around, f - activate You feel a surge of power!
The walls around you are covered in ice.
The wall freezes the steam dragon but does no damage.
The steam dragon closely misses you. The steam dragon claws you.
Casting: Frozen Ramparts (safe; 1% risk of failure)
Confirm with . or Enter, or press ? or * to list all spells.
Aiming: Freeze (safe; 1% risk of failure)
Press: ? - help, Shift-Dir - straight line, f - steam dragon
Aim: a steam dragon You feel a surge of power!
You freeze the steam dragon!
The steam dragon is moderately wounded.
The wall freezes the steam dragon.
The steam dragon bites you. The steam dragon claws you.
Casting: Freeze (safe; 1% risk of failure)
Confirm with . or Enter, or press ? or * to list all spells.
Aiming: Freeze (safe; 1% risk of failure)
Press: ? - help, Shift-Dir - straight line, f/p - steam dragon
Aim: a steam dragon (moderately wounded)
You feel a surge of power!
You freeze the steam dragon.
The steam dragon is heavily wounded.
The wall freezes the steam dragon!
The steam dragon breathes steam at you. The ball of steam hits you!!
The steam scalds you terribly!
* * * LOW HITPOINT WARNING * * *
You focus on the pain.
You feel more agile all of a sudden.
Casting: Freeze (safe; 1% risk of failure)
Confirm with . or Enter, or press ? or * to list all spells.
Aiming: Freeze (safe; 1% risk of failure)
Press: ? - help, Shift-Dir - straight line, f/p - steam dragon
Aim: a steam dragon (almost dead, catching its breath)
You feel a surge of power!
You freeze the steam dragon.
You kill the steam dragon!
The steam dragon scales are intact enough to wear.
You are engulfed in a cloud of scalding steam.
You die...

............ ...........
........... .......... ..
## #./........... .. ##.
.............# #. #...
##.............###
..#...##[................
.......#@§...............
.......§§§...#...........
.###...§§§.###...........
#.......##..#.........
#.....##..#..###........
##...# #.....#..........
##..# ###..............
#....##....####..##.†..
#.......#...# #.>.#....


There were no monsters in sight!

Vanquished Creatures
  Sigmund (D:4)
  A steam dragon (D:6)
  A black bear (D:5)
  2 ogres
  A centaur (D:5)
  A phantom (D:6)
  3 kobold brigands
  A scorpion (D:5)
  A howler monkey (D:6)
  A jelly (D:6)
  An orc priest (D:4)
  A hound (D:4)
  Crazy Yiuf (D:4)
  Jessica (D:2)
  Natasha (thrice) (D:4)
  5 iguanas
  2 orc wizards (D:4)
  Robin (D:2)
  4 river rats
  4 adders
  A white imp (D:6)
  3 worms
  4 dart slugs
  22 orcs
  4 endoplasms
  2 giant cockroaches
  16 goblins
  7 hobgoblins
  10 jackals
  33 kobolds
  3 quokkas
  7 ball pythons
  5 bats
  2 frilled lizards
  14 rats
169 creatures vanquished.

Vanquished Creatures (others)
  3 fungi (D:2)
  70 plants
73 creatures vanquished.

Grand Total: 242 creatures vanquished

Notes
Turn   | Place    | Note
-------+----------+-------------------------------------------
     0 | D:1      | juncz the Demonspawn Ice Elementalist began the quest for
                  | the Orb.
     0 | D:1      | Reached XP level 1. HP: 13/13 MP: 3/3
   344 | D:1      | Gained mutation: Your movements are slightly less
                  | encumbered by armour. (ER -2) [demonic ancestry]
   344 | D:1      | Reached XP level 2. HP: 19/19 MP: 1/5
  1128 | D:2      | Reached skill level 4 in Ice Magic
  1156 | D:2      | Noticed Robin
  1184 | D:2      | Killed Robin
  1185 | D:2      | Reached XP level 3. HP: 4/24 MP: 0/7
  1725 | D:2      | Noticed Jessica
  1737 | D:2      | Killed Jessica
  1738 | D:2      | Gained mutation: You sometimes gain a little power by
                  | taking damage. [demonic ancestry]
  1738 | D:2      | Reached XP level 4. HP: 20/30 MP: 2/8
  1941 | D:2      | Found a faded altar of an unknown god.
  1961 | D:2      | Found a sparkling altar of Nemelex Xobeh.
  2312 | D:3      | Found a hazy altar of Hepliaklqana.
  2627 | D:3      | Found a glowing drain.
  2715 | Sewer    | Entered a sewer
  2720 | Sewer    | Learned a level 3 spell: Frozen Ramparts
  2727 | Sewer    | Reached XP level 5. HP: 11/35 MP: 10/10
  3067 | Sewer    | Reached skill level 1 in Fighting
  3067 | Sewer    | Reached skill level 5 in Ice Magic
  3320 | Sewer    | Gained mutation: You have large cloven feet. [demonic
                  | ancestry]
  3320 | Sewer    | Reached XP level 6. HP: 44/44 MP: 6/12
  3805 | D:3      | Found a transporter.
  3812 | D:3      | Found a transporter.
  4113 | D:3      | Identified the +5 hand axe of the Final Thickets {elec,
                  | Str+3}
  4378 | D:4      | Found a shadowy altar of Dithmenos.
  4736 | D:4      | Noticed Natasha
  4741 | D:4      | Killed Natasha
  4746 | D:4      | Learned a level 3 spell: Ozocubu's Armour
  4789 | D:4      | Noticed Natasha
  4794 | D:4      | Killed Natasha
  5001 | D:4      | Noticed Natasha
  5008 | D:4      | Killed Natasha
  5238 | D:4      | Found a blossoming altar of Fedhas.
  5255 | D:4      | Noticed Sigmund
  5270 | D:4      | Killed Sigmund
  5271 | D:4      | Reached skill level 5 in Spellcasting
  5271 | D:4      | Gained mutation: Your movements are less encumbered by
                  | armour. (ER -4) [demonic ancestry]
  5271 | D:4      | Reached XP level 7. HP: 50/52 MP: 3/14
  5536 | D:4      | Found a runed translucent door.
  5537 | D:4      | Noticed Crazy Yiuf
  5545 | D:4      | Killed Crazy Yiuf
  5546 | D:4      | Reached skill level 6 in Ice Magic
  5654 | D:4      | Found a stormy altar of Qazlal.
  5656 | D:4      | Found a shimmering blue altar of Sif Muna.
  5980 | D:5      | Entered Level 5 of the Dungeon
  6446 | D:5      | Gained mutation: You regenerate magic rapidly. [demonic
                  | ancestry]
  6446 | D:5      | Reached XP level 8. HP: 59/60 MP: 0/16
  7486 | D:6      | Reached skill level 5 in Fighting
  7532 | D:6      | Reached skill level 7 in Ice Magic
  7722 | D:6      | HP: 3/62 [steam dragon/ball of steam (19)]
  7723 | D:6      | Engulfed by a cloud of steam

Illustrated notes

Levels and vault maps discovered:
D:1:      matt_arrival_grand_opening, layout_loops_ring
D:2:      layout_basic, basic_altar, dreamdust_ecumenical_altar_grove,
          uniq_jessica, uniq_robin
D:3:      gammafunk_steamed_eel, layout_loops_ring,
          mainiacjoe_overflow_24_doors, portal_sewer_entry_c,
          kennysheep_generic_room_11
D:4:      layout_loops_ring, kennysheep_mini_moat,
          mainiacjoe_overflow_boulevard, mainiacjoe_overflow_divided_tiny,
          minmay_fractal_squares_gapless_5, uniq_sigmund, uniq_natasha,
          uniq_crazy_yiuf_cottage
D:5:      kennysheep_kobold_camp, layout_cave_pools, minmay_misc_feat_cross
D:6:      layout_cave_pools

Skill      XL: |  1  2  3  4  5  6  7  8 |
---------------+-------------------------+-----
Ice Magic      | 4 5 6 7 |  7.0
Spellcasting   | 3 4 5 6 |  6.3
Fighting       | 1 3 4 5 |  5.2
Dodging        | |  1.7
Stealth        | |  1.7

Action                   |  1- 3 |  4- 6 |  7- 9 || total
-------------------------+-------+-------+-------++-------
Melee: Short sword       |     9 |    18 |       ||    27
       Hand axe          |       |     2 |    11 ||    13
       Kick              |       |     1 |     2 ||     3
Throw: Stone             |       |     2 |    10 ||    12
 Cast: Freeze            |    41 |    83 |    63 ||   187
       Frozen Ramparts   |       |    24 |    28 ||    52
       Ozocubu's Armour  |       |     1 |     7 ||     8
  Use: Potion            |       |     1 |       ||     1
 Stab: Sleeping          |       |     1 |       ||     1
Armor: Robe              |    13 |    21 |    22 ||    56
Dodge: Dodged            |    39 |    45 |    43 ||   127
